TOP OF THE 1ST |
Minnesota Golden Gophers batting - Pitching for Pittsburgh Panthers : RHP John Ferguson
|
Pitching: RHP John Ferguson
|
|
Batting: RHB Samuel Warner
|
0-0: Ball 1-0: Called Strike 1-1: Reached on error, E6 (Groundball, 6)
|
Batting: RHB Jason Black
|
0-0: Ball 1-0: Called Strike 1-1: Ball 2-1: Foul Ball, location: 2F 2-2: Ball 3-2: Strikes out looking
|
Batting: LHB Bob Jensen
|
0-0: Foul Ball, location: 2F 0-1: Ball 1-1: Fly out, F7 (Flyball, 7S)
|
Batting: RHB Joseph Brown
|
0-0: Swinging Strike 0-1: Called Strike 0-2: Ball 1-2: Hit by Pitch Samuel Warner to second
|
Batting: RHB Steve Mitchell
|
0-0: Fielders Choice at 2nd, 5-4 (Groundball, 56)
|
Top of the 1st over - 0 runs, 0 hits, 1 error, 2 left on base; Minnesota 0 - Pittsburgh 0 |
BOTTOM OF THE 1ST |
Pittsburgh Panthers batting - Pitching for Minnesota Golden Gophers : RHP Chet Johnson
|
Pitching: RHP Chet Johnson
|
|
Batting: RHB Roy Stevens
|
0-0: Ball 1-0: Ball 2-0: Called Strike 2-1: Foul Ball, location: 2F 2-2: Ground out 4-3 (Groundball, 4)
|
Batting: LHB Jason Cooke
|
0-0: Ball 1-0: Called Strike 1-1: Ground out 1-3 (Groundball, 13S)
|
Batting: SHB Ward Jacobs
|
0-0: Called Strike 0-1: Ball 1-1: Ball 2-1: Foul Ball, location: 2F 2-2: Ball 3-2: Ground out 6-3 (Groundball, 4MD)
|
Bottom of the 1st over - 0 runs, 0 hits, 0 errors, 0 left on base; Minnesota 0 - Pittsburgh 0 |
TOP OF THE 2ND |
Minnesota Golden Gophers batting - Pitching for Pittsburgh Panthers : RHP John Ferguson
|
Batting: RHB Felipe Berrios
|
0-0: Ball 1-0: Foul Ball, location: 2F 1-1: Swinging Strike 1-2: Foul Ball, location: 2F 1-2: Strikes out swinging
|
Batting: RHB Nolan Peterson
|
0-0: Foul Ball, location: 2F 0-1: Called Strike 0-2: Ground out 6-3 (Groundball, 6M)
|
Batting: RHB Steve Richardson
|
0-0: Ball 1-0: Foul Ball, location: 2F 1-1: Foul Ball, location: 2F 1-2: Ball 2-2: Strikes out looking
|
Top of the 2nd over - 0 runs, 0 hits, 0 errors, 0 left on base; Minnesota 0 - Pittsburgh 0 |
BOTTOM OF THE 2ND |
Pittsburgh Panthers batting - Pitching for Minnesota Golden Gophers : RHP Chet Johnson
|
Batting: RHB David Leslie
|
0-0: Ball 1-0: Foul Ball, location: 2F 1-1: Ball 2-1: Ball 3-1: Called Strike 3-2: Fly out, F8 (Flyball, 8LS)
|
Batting: SHB Rick Vargas
|
0-0: Ground out 4-3 (Groundball, 34)
|
Batting: RHB Bill Gallagher
|
0-0: SINGLE (Flyball, 9S)
|
Batting: SHB Jackson Clark
|
0-0: Foul Ball, location: 2F 0-1: Swinging Strike 0-2: Ball 1-2: Strikes out swinging
|
Bottom of the 2nd over - 0 runs, 1 hit, 0 errors, 1 left on base; Minnesota 0 - Pittsburgh 0 |
TOP OF THE 3RD |
Minnesota Golden Gophers batting - Pitching for Pittsburgh Panthers : RHP John Ferguson
|
Batting: RHB Ramón Chávez
|
0-0: Ball 1-0: Called Strike 1-1: Ball 2-1: Swinging Strike 2-2: Strikes out swinging
|
Batting: RHB Samuel Warner
|
0-0: Foul Ball, location: 2F 0-1: Foul Ball, location: 2F 0-2: Ball 1-2: Foul Ball, location: 2F 1-2: Strikes out swinging
|
Batting: RHB Jason Black
|
0-0: Ball 1-0: Swinging Strike 1-1: Foul Ball, location: 2F 1-2: Strikes out swinging
|
Top of the 3rd over - 0 runs, 0 hits, 0 errors, 0 left on base; Minnesota 0 - Pittsburgh 0 |
BOTTOM OF THE 3RD |
Pittsburgh Panthers batting - Pitching for Minnesota Golden Gophers : RHP Chet Johnson
|
Batting: RHB Roberto Trejo
|
0-0: Ground out 6-3 (Groundball, 6)
|
Batting: SHB Sam Hicks
|
0-0: Fly out, F8 (Flyball, 89M)
|
Batting: RHB Roy Stevens
|
0-0: Foul Ball, location: 2F 0-1: Swinging Strike 0-2: Foul Ball, location: 2F 0-2: Ground out 1-3 (Groundball, 13)
|
Bottom of the 3rd over - 0 runs, 0 hits, 0 errors, 0 left on base; Minnesota 0 - Pittsburgh 0 |
TOP OF THE 4TH |
Minnesota Golden Gophers batting - Pitching for Pittsburgh Panthers : RHP John Ferguson
|
Batting: LHB Bob Jensen
|
0-0: Ball 1-0: Called Strike 1-1: SINGLE (Groundball, 4MD)
|
Batting: RHB Joseph Brown
|
0-0: Called Strike 0-1: 2-RUN HOME RUN (Flyball, 7LD), Distance : 328 ft
|
Batting: RHB Steve Mitchell
|
0-0: Ball 1-0: Called Strike 1-1: Foul Ball, location: 2F 1-2: Foul Ball, location: 2F 1-2: Strikes out looking
|
Batting: RHB Felipe Berrios
|
0-0: Swinging Strike 0-1: Foul Ball, location: 2F 0-2: Ball 1-2: Ball 2-2: Fly out, F7 (Flyball, 78M)
|
Batting: RHB Nolan Peterson
|
0-0: Ball 1-0: Fly out, F7 (Flyball, 7D)
|
Top of the 4th over - 2 runs, 2 hits, 0 errors, 0 left on base; Minnesota 2 - Pittsburgh 0 |
BOTTOM OF THE 4TH |
Pittsburgh Panthers batting - Pitching for Minnesota Golden Gophers : RHP Chet Johnson
|
Batting: LHB Jason Cooke
|
0-0: Called Strike 0-1: Ball 1-1: Ball 2-1: DOUBLE (Line Drive, 7LS)
|
Batting: SHB Ward Jacobs
|
0-0: Ball 1-0: Called Strike 1-1: Ball 2-1: SINGLE (Groundball, P) (infield hit) Jason Cooke to third
|
Batting: RHB David Leslie
|
0-0: Ball 1-0: Called Strike 1-1: SINGLE (Groundball, 56S) (infield hit) Jason Cooke scores Ward Jacobs to second
|
Batting: SHB Rick Vargas
|
0-0: Called Strike 0-1: Foul Ball, location: 2F 0-2: Strikes out looking
|
Batting: RHB Bill Gallagher
|
0-0: Ground out U3 (Groundball, 34S) Ward Jacobs to third David Leslie to second
|
Batting: SHB Jackson Clark
|
0-0: Foul Ball, location: 2F 0-1: Ball 1-1: Ground out 6-3 (Groundball, 6)
|
Bottom of the 4th over - 1 run, 3 hits, 0 errors, 2 left on base; Minnesota 2 - Pittsburgh 1 |
TOP OF THE 5TH |
Minnesota Golden Gophers batting - Pitching for Pittsburgh Panthers : RHP John Ferguson
|
Batting: RHB Steve Richardson
|
0-0: Foul Ball, location: 2F 0-1: Ball 1-1: Fly out, F5 (Line Drive, 5)
|
Batting: RHB Ramón Chávez
|
0-0: SINGLE (Groundball, 56S) (infield hit)
|
Batting: RHB Samuel Warner
|
Pickoff Throw to First - Out! 0-0: Called Strike 0-1: Foul Ball, location: 2F 0-2: Ball 1-2: Ball 2-2: Ground out 5-3 (Groundball, 56)
|
Top of the 5th over - 0 runs, 1 hit, 0 errors, 0 left on base; Minnesota 2 - Pittsburgh 1 |
BOTTOM OF THE 5TH |
Pittsburgh Panthers batting - Pitching for Minnesota Golden Gophers : RHP Chet Johnson
|
Batting: RHB Roberto Trejo
|
0-0: Ball 1-0: Ball 2-0: Called Strike 2-1: Foul Ball, location: 2F 2-2: Ball 3-2: Strikes out swinging
|
Batting: SHB Sam Hicks
|
0-0: Swinging Strike 0-1: Foul Ball, location: 2F 0-2: Ball 1-2: DOUBLE (Flyball, 8RD)
|
Batting: RHB Roy Stevens
|
0-0: Ball 1-0: Ball 2-0: Ball 3-0: Called Strike 3-1: Base on Balls
|
Batting: LHB Jason Cooke
|
0-0: Swinging Strike 0-1: Foul Ball, location: 2F 0-2: Fielders Choice at 2nd, 1-6 (Groundball, 13) Sam Hicks to third
|
Batting: SHB Ward Jacobs
|
0-0: Ball 1-0: Ball 2-0: Ball 3-0: Swinging Strike 3-1: Ground out 1-3 (Groundball, 13)
|
Bottom of the 5th over - 0 runs, 1 hit, 0 errors, 2 left on base; Minnesota 2 - Pittsburgh 1 |
TOP OF THE 6TH |
Minnesota Golden Gophers batting - Pitching for Pittsburgh Panthers : RHP John Ferguson
|
Batting: RHB Jason Black
|
0-0: Ball 1-0: Fly out, F9 (Flyball, 89D)
|
Batting: LHB Bob Jensen
|
0-0: Ball 1-0: Called Strike 1-1: Foul Ball, location: 2F 1-2: Strikes out swinging
|
Batting: RHB Joseph Brown
|
0-0: Fly out, F6 (Popup, 6M)
|
Top of the 6th over - 0 runs, 0 hits, 0 errors, 0 left on base; Minnesota 2 - Pittsburgh 1 |
BOTTOM OF THE 6TH |
Pittsburgh Panthers batting - Pitching for Minnesota Golden Gophers : RHP Chet Johnson
|
Batting: RHB David Leslie
|
0-0: Ball 1-0: SINGLE (Line Drive, 89S)
|
Batting: SHB Rick Vargas
|
0-0: Foul Ball, location: 2F 0-1: Foul Ball, location: 2F 0-2: Ball 1-2: Ball 2-2: SINGLE (Line Drive, 56D) David Leslie to second
|
Pitching: RHP Kris Saunders
|
|
Batting: RHB Bill Gallagher
|
0-0: Ball 1-0: Called Strike 1-1: Grounds into double play, 4-6-3 (Groundball, 4) David Leslie to third
|
Batting: SHB Jackson Clark
|
0-0: Called Strike 0-1: Foul Ball, location: 2F 0-2: Strikes out swinging
|
Bottom of the 6th over - 0 runs, 2 hits, 0 errors, 1 left on base; Minnesota 2 - Pittsburgh 1 |
TOP OF THE 7TH |
Minnesota Golden Gophers batting - Pitching for Pittsburgh Panthers : RHP John Ferguson
|
Batting: RHB Steve Mitchell
|
0-0: Ball 1-0: Ball 2-0: Ball 3-0: Base on Balls
|
Pitching: LHP Richard Akers
|
|
Batting: RHB Felipe Berrios
|
0-0: Called Strike 0-1: Fly out, F9 (Flyball, 9)
|
Pinch Hitting: RHB Duane Clarke
|
0-0: Ball 1-0: Ball 2-0: Ball 3-0: Called Strike 3-1: Base on Balls Steve Mitchell to second
|
Pinch Hitting: LHB Dave Landry
|
0-0: Grounds into double play, 1-4-3 (Groundball, 15S)
|
Top of the 7th over - 0 runs, 0 hits, 0 errors, 1 left on base; Minnesota 2 - Pittsburgh 1 |
BOTTOM OF THE 7TH |
Pittsburgh Panthers batting - Pitching for Minnesota Golden Gophers : RHP Kris Saunders
|
Now at 2B: Dave Landry
|
|
Now in CF: Lou Bender
|
|
Batting: RHB Roberto Trejo
|
0-0: Ball 1-0: Ball 2-0: Fly out, F2 (Popup, 13S)
|
Batting: SHB Sam Hicks
|
0-0: Ground out 4-3 (Groundball, 34)
|
Batting: RHB Roy Stevens
|
0-0: SOLO HOME RUN (Flyball, 9LD), Distance : 320 ft
|
Batting: LHB Jason Cooke
|
0-0: Called Strike 0-1: Ball 1-1: Ball 2-1: Called Strike 2-2: Strikes out swinging
|
Bottom of the 7th over - 1 run, 1 hit, 0 errors, 0 left on base; Minnesota 2 - Pittsburgh 2 |
TOP OF THE 8TH |
Minnesota Golden Gophers batting - Pitching for Pittsburgh Panthers : LHP Richard Akers
|
Batting: RHB Ramón Chávez
|
0-0: Ball 1-0: SINGLE (Flyball, 7S)
|
Pitching: RHP Bobby McCain
|
|
Batting: RHB Samuel Warner
|
0-0: Called Strike 0-1: Called Strike 0-2: 2-RUN HOME RUN (Line Drive, 9LD), Distance : 319 ft
|
Pitching: LHP Félix Turcotte
|
|
Batting: RHB Jason Black
|
0-0: Ball 1-0: Ball 2-0: Ball 3-0: Base on Balls
|
Batting: LHB Bob Jensen
|
0-0: Ball 1-0: Swinging Strike 1-1: Foul Ball, location: 2F 1-2: Strikes out looking
|
Batting: RHB Joseph Brown
|
0-0: Ball 1-0: Foul Ball, location: 2F 1-1: Ball 2-1: Foul Ball, location: 2F 2-2: Ball 3-2: Strikes out swinging
|
Batting: RHB Steve Mitchell
|
0-0: Ball 1-0: Ball 2-0: Called Strike 2-1: Called Strike 2-2: 2-RUN HOME RUN (Flyball, 7D), Distance : 347 ft
|
Pitching: LHP John Reid
|
|
Batting: RHB Felipe Berrios
|
0-0: Ball 1-0: Called Strike 1-1: Foul Ball, location: 2F 1-2: Fly out, F7 (Flyball, 78D)
|
Top of the 8th over - 4 runs, 3 hits, 0 errors, 0 left on base; Minnesota 6 - Pittsburgh 2 |
BOTTOM OF THE 8TH |
Pittsburgh Panthers batting - Pitching for Minnesota Golden Gophers : RHP Kris Saunders
|
Batting: SHB Ward Jacobs
|
0-0: Called Strike 0-1: Called Strike 0-2: Strikes out swinging
|
Batting: RHB David Leslie
|
0-0: Called Strike 0-1: Ball 1-1: Swinging Strike 1-2: Ball 2-2: Strikes out swinging
|
Batting: SHB Rick Vargas
|
0-0: Ball 1-0: Called Strike 1-1: Ball 2-1: Swinging Strike 2-2: Foul Ball, location: 2F 2-2: DOUBLE (Line Drive, 9LM)
|
Batting: RHB Bill Gallagher
|
0-0: Called Strike 0-1: Swinging Strike 0-2: SINGLE (Groundball, 6MD) Rick Vargas to third Runner from 3rd tries for Home, SAFE, no throw
|
Pitching: RHP Santiago Rúbio
|
|
Batting: SHB Jackson Clark
|
0-0: Ball 1-0: Foul Ball, location: 2F 1-1: Ball 2-1: Ball 3-1: SINGLE (Groundball, 6D) Bill Gallagher to second
|
Batting: RHB Roberto Trejo
|
0-0: Ball 1-0: Fly out, F9 (Flyball, 89S)
|
Bottom of the 8th over - 1 run, 3 hits, 0 errors, 2 left on base; Minnesota 6 - Pittsburgh 3 |
TOP OF THE 9TH |
Minnesota Golden Gophers batting - Pitching for Pittsburgh Panthers : LHP John Reid
|
Batting: RHB Lou Bender
|
0-0: Foul Ball, location: 2F 0-1: Foul Ball, location: 2F 0-2: Ball 1-2: Ball 2-2: Ball 3-2: Fly out, F4 (Flyball, 34D)
|
Batting: LHB Dave Landry
|
0-0: Ball 1-0: Swinging Strike 1-1: Swinging Strike 1-2: Ball 2-2: Strikes out swinging
|
Batting: RHB Ramón Chávez
|
0-0: Swinging Strike 0-1: Called Strike 0-2: Ball 1-2: Strikes out swinging
|
Top of the 9th over - 0 runs, 0 hits, 0 errors, 0 left on base; Minnesota 6 - Pittsburgh 3 |
BOTTOM OF THE 9TH |
Pittsburgh Panthers batting - Pitching for Minnesota Golden Gophers : RHP Santiago Rúbio
|
Batting: SHB Sam Hicks
|
0-0: Called Strike 0-1: Ball 1-1: Called Strike 1-2: Ground out U3 (Groundball, 3S)
|
Batting: RHB Roy Stevens
|
0-0: Ball 1-0: Ball 2-0: SOLO HOME RUN (Flyball, 7LD), Distance : 322 ft
|
Batting: LHB Jason Cooke
|
0-0: Called Strike 0-1: Ball 1-1: Swinging Strike 1-2: Foul Ball, location: 2F 1-2: Foul Ball, location: 2F 1-2: Strikes out looking
|
Batting: SHB Ward Jacobs
|
0-0: Ball 1-0: Ball 2-0: Fly out, F7 (Flyball, 78M)
|
Bottom of the 9th over - 1 run, 1 hit, 0 errors, 0 left on base; Minnesota 6 - Pittsburgh 4 |
|